 Dungeon Crawl Stone Soup version 0.23-a0-619-g281719c (webtiles) character file.

51 Lanoc the Ducker (level 3, 0/17 HPs)
             Began as a Felid Monk on Dec 22, 2018.
             Slain by an adder (1 damage)
             ... on level 2 of the Dungeon.
             The game lasted 00:02:57 (1227 turns).

Lanoc the Ducker (Felid Monk)                       Turns: 1227, Time: 00:02:58

Health: 0/17       AC:  1    Str:  7    XL:     3   Next: 57%
Magic:  4/4        EV: 21    Int: 11    God:
Gold:   41         SH:  0    Dex: 22    Spells: 2/2 levels left
                                        Lives:  0   Deaths: 0

rFire    . . .     SeeInvis +     - Unarmed
rCold    . . .     Gourm    .   (shield unavailable)
rNeg     . . .     Faith    .   (armour unavailable)
rPois    .         Spirit   .   (helmet unavailable)
rElec    .         Reflect  .   (cloak unavailable)
rCorr    .         Harm     .   (gloves unavailable)
MR       .....                  (boots unavailable)
Stlth    +++.......             (no amulet)
HPRegen  0.05/turn              e - +3 ring of dexterity
MPRegen  0.09/turn              (no ring)

@: lethally poisoned (0 -> -7), quick
A: very small, no armour, no weapons or thrown items, stealth, claws 1, fangs 3,
see invisible, carnivore, speed 1, shaggy fur 1, slow metabolism 1, sharp paws
a: no special abilities


You were on level 2 of the Dungeon.
You were very full.

You visited 1 branch of the dungeon, and saw 2 of its levels.

You collected 41 gold pieces.

Inventory:

Jewellery
 e - a +3 ring of dexterity (left paw)
Scrolls
 b - 2 scrolls of remove curse {unknown}
 c - a scroll of teleportation {unknown}
 d - a scroll of magic mapping {unknown}
Comestibles
 a - 5 rations


   Skills:
 + Level 3.2 Fighting
 * Level 4.7 Dodging
 * Level 3.9 Stealth
 * Level 3.4 Unarmed Combat


You had 2 spell levels left.
You didn't know any spells.
Your spell library was empty.

Dungeon Overview and Level Annotations

Branches:
Dungeon (2/15)

Altars:


Innate Abilities, Weirdness & Mutations

You cannot wear armour.
You are incapable of wielding weapons or throwing items.
Your paws allow you to move quietly. (Stealth)
You have sharp claws.
You have razor-sharp teeth.
You have supernaturally acute eyesight. (SInv)
You are carnivorous and can eat meat at any time.
You cover ground quickly.
You are covered in fur. (AC +1)
You have a slow metabolism.
Your sharp claws are effective at attacking unaware monsters.


Message History

You kill the adder!
You feel sick.
You aren't carrying any potions.
You climb downwards.
You feel sick. The bat closely misses you. The adder closely misses you.
The adder misses you.
There is a stone staircase leading up here.
You scratch the adder but do no damage. You bite the adder.
The adder is lightly wounded.
The adder bites you.
* * * LOW HITPOINT WARNING * * *
The adder closely misses you.
You scratch the adder.
The adder is moderately wounded.
* * * LOW HITPOINT WARNING * * *
You feel sick. The bat hits you but does no damage.
The adder closely misses you.
You closely miss the adder.
The adder is moderately wounded.
The bat completely misses you. The adder bites you.
You die...

.# #.# #..
#.# ##.## .
..$#
#..?#####..##
#...S@....#
#..####b.$# #
#...# #...#
#...# #..S#
.......
.......###
.........#


You could see an adder and a bat.

Vanquished Creatures
  An adder (D:1)
  An ooze (D:1)
  A dart slug (D:1)
  2 leopard geckos (D:1)
  4 giant cockroaches (D:1)
  6 goblins (D:1)
  3 hobgoblins (D:1)
  6 kobolds (D:1)
  2 bats (D:1)
  3 rats (D:1)
29 creatures vanquished.

Notes
Turn   | Place    | Note
-------+----------+-------------------------------------------
     0 | D:1      | Lanoc the Felid Monk began the quest for the Orb.
     0 | D:1      | Reached XP level 1. HP: 10/10 MP: 2/2
    73 | D:1      | Reached XP level 2. HP: 14/14 MP: 3/3
   949 | D:1      | Reached XP level 3. HP: 17/17 MP: 4/4
  1227 | D:2      | Slain by an adder

Vault maps used:
D:1:      eino_arrival_druids_welcome, minivault_25
D:2:      grunt_temple_overflow_open, grunt_qazlal_sundering

Skill      XL: |  1 |
---------------+----+-----
Stealth        | 3 |  3.9
Fighting       | |  3.2
Dodging        | |  4.7
Unarmed Combat | |  3.4

Action                   || total
-------------------------++-------
Melee: Unarmed           ||    79
       Punch             ||     2
       Bite              ||     3
 Stab: Sleeping          ||     6
  Eat: Chunk             ||     6
Armor: Skin              ||     4
Dodge: Dodged            ||    58

Table legend:
 A = Non-vault XP
 B = Vault XP
 C = Vault XP percentage of total XP
 D = Non-vault monster count
 E = Vault monster count
 F = Vault count percentage of total count
                 A         B        C        D         E       F
            +---------+---------+-------+---------+---------+-------
      Total |      73 |       0 |   0.0 |      29 |       0 |   0.0
            +---------+---------+-------+---------+---------+-------
        D:1 |      73 |       0 |   0.0 |      29 |       0 |   0.0
            +---------+---------+-------+---------+---------+-------
